 Dungeon Crawl Stone Soup version 0.27.0-1-g7a089689b8 (webtiles) character file.

Game seed: 6204599563234788214

61463 inmateoo the Frost Mage (level 15, -6/99 HPs)
             Began as an Octopode Ice Elementalist on Aug 3, 2021.
             Was a High Priest of Vehumet.
             Mangled by a death yak simulacrum (38 damage)
             ... in an ice cave.
             The game lasted 00:42:02 (21361 turns).

inmateoo the Frost Mage (OpIE)                     Turns: 21361, Time: 00:42:03

Health: -6/99      AC:  1    Str: 15    XL:     15   Next: 3%
Magic:  23/37      EV: 19    Int: 22    God:    Vehumet [*****.]
Gold:   1196       SH:  5    Dex: 25    Spells: 10/33 levels left

rFire    . . .     SeeInvis +   x - +9 staff of Olgreb {rPois∞}
rCold    . . .     Faith    .   (no shield)
rNeg     . . .     Spirit   .   (helmet restricted)
rPois    ∞         Reflect  +   p - amulet of reflection
rElec    .         Harm     .   h - +6 ring of dexterity
rCorr    .         Rampage  .   n - +6 ring of dexterity
Will     +....                  q - ring of magical power
Stlth    ++++++....             s - ring of see invisible
HPRegen  0.26/turn              t - +6 ring of strength
MPRegen  0.25/turn              z - ring of wizardry
                                (no ring)
                                (no ring)

@: no status effects
A: almost no armour, amphibious, 8 rings, camouflage 1, gelatinous body 1,
(nimble swimmer 1), tentacles
a: Renounce Religion


You were in an ice cave.
You worshipped Vehumet.
Vehumet was extremely pleased with you.
You visited 3 branches of the dungeon, and saw 19 of its levels.
You visited the Abyss 1 time.
You also visited: Ice Cave and Volcano.

You collected 1196 gold pieces.

Inventory:

Hand Weapons
 b - a +1 dagger of electrocution
 x - the +9 staff of Olgreb (weapon) {rPois∞}
   (You found it on level 8 of the Dungeon)

   If the wielder is skilled in Evocations, they can envenom those struck by it,
   dealing poison damage which bypasses armour.
   It enhances your poison magic.
   It grants immunity to poison.
   It can be evoked to radiate toxic energy, with effectiveness depending on
   Evocations skill.
Missiles
 w - 8 curare-tipped darts
 y - 3 throwing nets
Magical Staves
 G - a staff of death
Jewellery
 h - a +6 ring of dexterity (left tentacle)
 n - a +6 ring of dexterity (right tentacle)
 p - an amulet of reflection (around mantle)
 q - a ring of magical power (on tentacle)
 s - a ring of see invisible (on tentacle)
 t - a +6 ring of strength (on tentacle)
 z - a ring of wizardry (on tentacle)
Wands
 j - a wand of paralysis (10)
 m - a wand of iceblast (21)
 r - a wand of acid (17)
 I - a wand of digging (5)
 L - a wand of polymorph (10)
Scrolls
 a - 4 scrolls of teleportation
 d - a scroll of identify
 u - 3 scrolls of blinking
 v - a scroll of brand weapon
 A - 6 scrolls of amnesia
 B - 2 scrolls of silence
 H - 3 scrolls of enchant armour
 J - a scroll of enchant weapon
Potions
 c - 4 potions of attraction
 e - 5 potions of curing
 f - 3 potions of might
 g - 4 potions of haste {unknown}
 i - a potion of resistance
 k - 3 potions of invisibility
 l - 3 potions of brilliance
 o - 5 potions of heal wounds
 C - a potion of flight
 E - a potion of ambrosia
 F - 2 potions of lignification
 K - 2 potions of mutation
Miscellaneous
 D - a box of beasts (inert)


   Skills:
 - Level 8.0 Fighting
 - Level 4.0 Staves
 - Level 7.0 Dodging
 - Level 9.0 Stealth
 + Level 9.7 Spellcasting
 - Level 7.0 Conjurations
 + Level 6.1 Necromancy
 + Level 13.2 Ice Magic
 - Level 6.0 Air Magic
 + Level 6.1 Earth Magic
 + Level 11.0 Evocations


You had 10 spell levels left.
You knew the following spells:

 Your Spells              Type           Power      Damage    Failure   Level
a - Freeze                Ice            100%       1d11      1%          1
b - Frozen Ramparts       Ice            100%       1d12      1%          3
c - Ozocubu's Armour      Ice            62%        N/A       1%          3
d - Borgnjor's Vile Clut  Necr/Erth      18%        N/A       6%          5
e - Freezing Cloud        Conj/Ice/Air   24%        6-21      1%          5
f - Swiftness             Air            37%        N/A       1%          3
g - Ignite Poison         Fire/Tmut/Pois 16%        N/A       2%          3

Your spell library contained the following spells:

 Spells                   Type           Power      Damage    Failure   Level
 Spellforged Servitor     Conj/Summ      13%        N/A       69%         7
 Shock                    Conj/Air       100%       1d9       1%          1
 Corpse Rot               Necr/Air       N/A        N/A       1%          2
 Poisonous Vapours        Pois/Air       70%        N/A       1%          2
 Static Discharge         Conj/Air       39%        N/A       1%          2
 Sublimation of Blood     Necr           18%        N/A       1%          2
 Airstrike                Air            18%        N/A       1%          4
 Animate Dead             Necr           18%        N/A       1%          4
 Dispel Undead            Necr           37%        3d15      1%          4
 Hailstorm                Conj/Ice       53%        3d12      1%          4
 Sticky Flame             Conj/Fire      26%        2d5       1%          4
 Apportation              Tloc           20%        N/A       2%          1
 Fireball                 Conj/Fire      13%        3d7       4%          5
 Irradiate                Conj/Tmut      13%        3d18      4%          5
 Metabolic Englaciation   Hex/Ice        19%        N/A       4%          5
 Excruciating Wounds      Necr           18%        N/A       6%          5
 Petrify                  Tmut/Erth      24%        N/A       7%          4
 Gell's Gravitas          Tloc           5%         N/A       8%          3
 Lesser Beckoning         Tloc           5%         N/A       8%          3
 Portal Projectile        Hex/Tloc       20%        N/A       8%          3
 Teleport Other           Tloc           10%        N/A       8%          3
 Simulacrum               Ice/Necr       26%        N/A       8%          6
 Starburst                Conj/Fire      13%        8x6d5     22%         6
 Death Channel            Necr           18%        N/A       30%         6
 Alistair's Intoxication  Tmut/Pois      10%        N/A       52%         5
 Blade Hands              Tmut           5%         N/A       52%         5
 Dispersal                Tloc           5%         N/A       97%         6
 Invisibility             Hex            5%         N/A       97%         6
 Ignition                 Fire           5%         3d4       100%        8


Dungeon Overview and Level Annotations

Branches:
Dungeon (11/15)            Temple (1/1) D:6            Lair (6/6) D:10
 Shoals (0/4) Lair:2       Spider (0/4) Lair:4        Slime (0/5) Lair:5
  IceCv (1/1)             Volcano (visited)
    Orc: D:9-12

Altars:
Ashenzari
Cheibriados
Dithmenos
Elyvilon
Fedhas
Gozag
Hepliaklqana
Kikubaaqudgha
Makhleb
Nemelex Xobeh
Okawaru
Qazlal
Ru
Sif Muna
Trog
Uskayaw
Vehumet
Wu Jian
Xom
Yredelemnul
Zin
The Shining One
Beogh

Shops:
D:2 [


Innate Abilities, Weirdness & Mutations

You cannot wear most types of armour.
You are amphibious.
You can wear up to eight rings at the same time.
Your skin changes colour to match your surroundings (Stealth+).
Your rubbery body absorbs attacks. (AC +1, EV +1)
((You are camouflaged near water. (Stealth+)))
You have tentacles for arms and can constrict up to eight enemies at once.


Message History

Casting: Borgnjor's Vile Clutch (dangerous; 6% risk of failure)
Confirm with . or Enter, or press ? or * to list all spells.
Aiming: Borgnjor's Vile Clutch (dangerous; 6% risk of failure)
Press: ? - help, Shift-Dir - straight line, f/p - anaconda simulacrum
Aim: an anaconda simulacrum (moderately damaged, 100% to hit)
Zombie hands grab the anaconda simulacrum.
The zombie hands constrict the anaconda simulacrum.
The anaconda simulacrum constricts you. The anaconda simulacrum freezes you!!
The anaconda simulacrum bites you! The anaconda simulacrum freezes you!!
* * * LOW HITPOINT WARNING * * *
Blink to where?
Press: ? - help, Dir - move target, p - anaconda simulacrum
As you read the scroll of blinking, it crumbles to dust.
The zombie hands constrict the anaconda simulacrum!
The anaconda simulacrum struggles to escape constriction. x2
You open the lid... ...and a mature weirdsting beast leaps out!
The box is emptied!
The zombie hands constrict the anaconda simulacrum!
The anaconda simulacrum vaporises!
Vehumet accepts your kill.
You feel your power returning. What are your orders? t - Shout!
Orders for allies: a - Attack new target. r - Retreat! s - Stop attacking. g - Guard the area. f - Follow me.
Anything else - Cancel.
Gang up on whom?
Press: ? - help, Dir - move target, f - death yak simulacrum
Aim: a death yak simulacrum (ally target) Attack!
Your mature weirdsting beast hits the death yak simulacrum!
Your mature weirdsting beast stings the death yak simulacrum.
Casting: Borgnjor's Vile Clutch (dangerous; 6% risk of failure)
Confirm with . or Enter, or press ? or * to list all spells.
Okay, then.
You feel much better. The death yak simulacrum gores you.
The death yak simulacrum freezes you!!!
You die...

#######
##...○.# .
##......#
ZZ..#.......#
Z......∩..∩.#
....#.....H.#
Z.. ##....Z.#
##....@#
#######


You could see a death yak simulacrum (ally target) and a friendly mature
weirdsting beast (summoned).

Vanquished Creatures
  9 hydras
  A boulder beetle (Lair:4)
  2 centaur warriors (D:13)
  A dancing weapon (Volcano)
  2 two-headed ogres
  3 catoblepae (Lair:6)
  Urug (Lair:6)
  11 death yaks
  Nergalle (Lair:3)
  5 wizards (Volcano)
  2 ugly things
  3 manticores
  4 oklob plants (Lair:3)
  5 toenail golems (Volcano)
  6 elephants (Lair:5)
  A merfolk siren (Lair:2)
  3 black mambas
  13 cane toads
  Psyche (D:8)
  11 komodo dragons
  A rime drake (Lair:6)
  A kobold demonologist (D:10)
  An anaconda simulacrum (IceCv)
  A polar bear (Lair:3)
  6 blink frogs
  6 dream sheep (Lair:4)
  Sigmund (D:3)
  A wraith (D:9)
  A wyvern (Lair:1)
  63 yaks
  3 basilisks
  A death yak simulacrum (IceCv)
  5 steam dragons
  7 vampire mosquitoes
  19 water moccasins
  Duvessa (D:6)
  2 hell hounds (Lair:6)
  7 black bears
  An ice beast (D:7)
  3 ogres
  6 wolves (Lair:2)
  4 centaurs
  A kobold brigand (D:8)
  A phantom (D:5)
  19 bullfrogs
  3 scorpions
  A wyvern zombie (D:8)
  Dowan (D:6)
  2 wyvern skeletons (D:6)
  6 wights
  2 electric eels (Lair:1)
  2 howler monkeys (D:11)
  A bullfrog zombie (D:6)
  4 centaur zombies
  A hound (D:6)
  A gnoll shaman (D:10)
  6 jellies
  3 orc priests
  3 bullfrog skeletons
  2 iguanas
  6 orc wizards
  A wolf simulacrum (IceCv)
  A hound skeleton (D:5)
  2 howler monkey zombies
  5 gnolls (D:10)
  10 adders
  A shadow imp (D:5)
  A white imp (D:8)
  2 ufetubi
  20 orcs
  8 ball pythons
  7 bats
  9 endoplasms
  7 goblins
  11 hobgoblins
  9 jackals
  5 kobolds
  2 quokkas
  4 frilled lizards
  9 rats
  A spectral hobgoblin (D:3)
406 creatures vanquished.

Vanquished Creatures (collateral kills)
  A boulder beetle (Lair:5)
  A death yak (Lair:6)
  A water moccasin (Lair:4)
3 creatures vanquished.

Vanquished Creatures (others)
  14 fungi
  43 plants
57 creatures vanquished.

Grand Total: 466 creatures vanquished

Notes
Turn   | Place    | Note
-------+----------+-------------------------------------------
     0 | D:1      | inmateoo the Octopode Ice Elementalist began the quest for
                  | the Orb.
     0 | D:1      | Reached XP level 1. HP: 11/11 MP: 3/3
   232 | D:1      | Reached XP level 2. HP: 17/17 MP: 5/5
   569 | D:1      | Reached XP level 3. HP: 21/21 MP: 4/6
   573 | D:1      | Learned a level 3 spell: Frozen Ramparts
  1263 | D:2      | Reached XP level 4. HP: 27/27 MP: 4/7
  1299 | D:2      | Reached skill level 1 in Fighting
  1613 | D:2      | Found Nusmaen's Armour Emporium.
  1669 | D:2      | Reached skill level 5 in Ice Magic
  2092 | D:3      | Found a hazy altar of Hepliaklqana.
  2121 | D:3      | Learned a level 3 spell: Ozocubu's Armour
  2428 | D:3      | Noticed Sigmund
  2830 | D:3      | Found an ancient bone altar of Kikubaaqudgha.
  2840 | D:3      | Reached XP level 5. HP: 24/33 MP: 5/9
  3326 | D:3      | Killed Sigmund
  3327 | D:3      | Reached skill level 5 in Stealth
  3327 | D:3      | Reached skill level 6 in Ice Magic
  3327 | D:3      | Reached XP level 6. HP: 35/38 MP: 4/10
  3353 | D:3      | Found a broken altar of Ashenzari.
  3642 | D:4      | Reached skill level 7 in Ice Magic
  3642 | D:4      | Reached XP level 7. HP: 37/43 MP: 7/11
  3703 | D:4      | Identified the +0 pair of gloves "Buwkeg" {Int+5 Dex+2
                  | Stlth-}
  3875 | D:4      | Learned a level 5 spell: Borgnjor's Vile Clutch
  4121 | D:5      | Entered Level 5 of the Dungeon
  4381 | D:5      | Reached skill level 1 in Necromancy
  4381 | D:5      | Reached skill level 1 in Earth Magic
  4607 | D:5      | Identified the +1 helmet of Macie {Will++}
  4675 | D:5      | Reached XP level 8. HP: 50/50 MP: 5/13
  5397 | D:5      | Found a white marble altar of Elyvilon.
  5507 | D:5      | Found a sacrificial altar of Ru.
  5974 | D:6      | Reached XP level 9. HP: 56/56 MP: 15/15
  5978 | D:6      | Noticed Duvessa
  5982 | D:6      | Noticed Dowan
  5987 | D:6      | Killed Duvessa
  5995 | D:6      | Killed Dowan
  6311 | D:6      | Found a blossoming altar of Fedhas.
  6478 | D:6      | Found a staircase to the Ecumenical Temple.
  6492 | Temple   | Entered the Ecumenical Temple
  6497 | Temple   | Became a worshipper of Vehumet
  7128 | D:7      | Reached skill level 8 in Ice Magic
  7211 | D:7      | Reached skill level 5 in Dodging
  7211 | D:7      | Reached skill level 5 in Spellcasting
  7363 | D:7      | Learned a level 5 spell: Freezing Cloud
  7545 | D:7      | Found an iron altar of Okawaru.
  7778 | D:7      | Reached XP level 10. HP: 53/63 MP: 17/17
  7871 | D:8      | Noticed Psyche
  7875 | D:8      | Cast into level 2 of the Abyss (Psyche)
  7882 | D:8      | Escaped the Abyss
  7885 | D:8      | Reached skill level 1 in Conjurations
  7885 | D:8      | Reached skill level 1 in Air Magic
  7887 | D:8      | Killed Psyche
  8010 | D:8      | Noticed a brown ugly thing
  8015 | D:8      | HP: 3/63 [acid (8)]
  8352 | D:8      | Found the +9 staff of Olgreb {rPois∞}
  8571 | D:8      | Reached * piety under Vehumet
  8571 | D:8      | Offered knowledge of Magic Dart by Vehumet.
  8693 | D:8      | Reached skill level 5 in Necromancy
  8693 | D:8      | Reached skill level 5 in Earth Magic
  8924 | D:8      | Killed a brown ugly thing
  8925 | D:8      | Reached skill level 1 in Evocations
  9514 | D:9      | Reached skill level 9 in Ice Magic
  9853 | D:10     | Entered Level 10 of the Dungeon
  9952 | D:10     | Noticed a kobold demonologist
  9960 | D:10     | Killed a kobold demonologist
  9961 | D:10     | Reached XP level 11. HP: 67/67 MP: 4/20
 10195 | D:10     | Reached skill level 1 in Staves
 10280 | D:10     | Noticed a two-headed ogre
 10302 | D:10     | Killed a two-headed ogre
 10611 | D:10     | Found a staircase to the Lair.
 11168 | D:11     | Offered knowledge of Sandblast by Vehumet.
 11191 | D:11     | Reached ** piety under Vehumet
 11401 | D:11     | Noticed a manticore
 11456 | Lair:1   | Entered Level 1 of the Lair of Beasts
 11456 | Lair:1   | Noticed a seven-headed hydra
 11463 | Lair:1   | Killed a seven-headed hydra
 12501 | Lair:1   | You fall into a shaft and drop 1 floor!
 12720 | Lair:2   | Noticed an eight-headed hydra
 12727 | Lair:2   | Killed an eight-headed hydra
 12728 | Lair:2   | Reached skill level 5 in Conjurations
 12728 | Lair:2   | Reached skill level 5 in Air Magic
 12728 | Lair:2   | Reached skill level 5 in Evocations
 12852 | Lair:2   | Reached XP level 12. HP: 75/75 MP: 22/22
 13006 | Lair:2   | Noticed a death yak
 13006 | Lair:2   | Noticed a death yak
 13006 | Lair:2   | Noticed a death yak
 13006 | Lair:2   | Noticed a death yak
 13006 | Lair:2   | Noticed a death yak
 13006 | Lair:2   | Noticed a death yak
 13011 | Lair:2   | Killed a death yak
 13012 | Lair:2   | Killed a death yak
 13013 | Lair:2   | Reached skill level 5 in Fighting
 13013 | Lair:2   | Reached skill level 10 in Ice Magic
 13028 | Lair:2   | Killed a death yak
 13028 | Lair:2   | Offered knowledge of Stone Arrow by Vehumet.
 13059 | Lair:2   | Killed a death yak
 13629 | Lair:2   | Found a staircase to the Shoals.
 13739 | Lair:2   | Learned a level 3 spell: Swiftness
 14270 | Lair:2   | Killed a death yak
 14272 | Lair:2   | Killed a death yak
 14272 | Lair:2   | Reached *** piety under Vehumet
 15012 | Lair:3   | Reached XP level 13. HP: 79/83 MP: 23/24
 15049 | Lair:3   | Noticed Nergalle
 15082 | Lair:3   | Killed Nergalle
 15654 | Lair:4   | Reached skill level 11 in Ice Magic
 15683 | Lair:4   | Offered knowledge of Dazzling Flash by Vehumet.
 16333 | Lair:4   | Reached skill level 12 in Ice Magic
 16649 | Lair:4   | Reached **** piety under Vehumet
 16719 | Lair:4   | Found a hole to the Spider Nest.
 17296 | Lair:5   | Offered knowledge of Ignite Poison by Vehumet.
 17539 | Lair:5   | Learned a level 3 spell: Ignite Poison
 17695 | Lair:5   | Found a staircase to the Slime Pits.
 18205 | Lair:6   | Entered Level 6 of the Lair of Beasts
 18205 | Lair:6   | Noticed Urug
 18213 | Lair:6   | Killed Urug
 18319 | Lair:6   | Reached XP level 14. HP: 90/90 MP: 23/26
 18533 | Lair:6   | Reached ***** piety under Vehumet
 18533 | Lair:6   | Offered knowledge of Spellforged Servitor by Vehumet.
 18534 | Lair:6   | Reached skill level 10 in Evocations
 18807 | Lair:6   | Found a dark tunnel.
 18820 | Volcano  | Entered a volcano
 20017 | Lair:6   | Reached skill level 13 in Ice Magic
 21079 | D:11     | You fall into a shaft and drop 2 floors!
 21156 | D:13     | Found a frozen archway.
 21184 | D:13     | Reached XP level 15. HP: 29/99 MP: 6/28
 21341 | IceCv    | Entered an ice cave
 21361 | IceCv    | Mangled by a death yak simulacrum

Illustrated notes

Levels and vault maps discovered:
D:1:      eino_arrival_tree_alley, layout_rooms
D:2:      layout_rooms, serial_shops, nicolae_square_shop
D:3:      layout_basic, nicolae_hepliaklqana_monster_ancestors,
          mainiacjoe_overflow_large_starburst, uniq_sigmund
D:4:      layout_rooms, kennysheep_orc_chapel
D:5:      layout_cave_pools, mainiacjoe_overflow_two_lobes, portal_sewer_entry_d
D:6:      layout_layer_cave, fedhas_altar_2, minmay_temple_entry_glassed_door,
          uniq_duvessa
D:7:      layout_cave_pools, okawaru_trees_1, serial_park, serial_park_avenue1,
          serial_park_square1 [serial_park_minivault_5x5_1], serial_park_gazebo
          [serial_park_minivault_5x5_8], minmay_small_thing
D:8:      layout_basic, uniq_psyche
D:9:      layout_loops_ring
D:10:     layout_grid_maze, lair_entry_dummy
D:11:     layout_rooms, chequers_serial_rivers_micro_c
D:13:     layout_irregular_city, gauntlet_entry_generic,
          portal_ice_cave_entry_pillars_2, enter_trove_2
Temple:   minmay_freezing_vapour_temple
Lair:1:   layout_cave_shapes, chequers_serial_rivers_room_a,
          serial_bayou_shore_a
Lair:2:   layout_chaotic_city, minmay_shoals_entry_lonely_mermaid,
          grunt_megastairs_1, lemuel_fruit_tree
Lair:3:   layout_long_grid, st_stairs_12, minmay_lair_oklob_chamber,
          infiniplex_staircase_pool, grunt_megastairs_3, lemuel_fruit_fields,
          uniq_nergalle
Lair:4:   layout_gridlike, spider_nest_entry_a
Lair:5:   layout_cave_shapes, nicolae_slime_entry_slimehenge
Lair:6:   evilmike_catoblepas_cave, layout_regular_city, enter_volcano_3,
          chequers_serial_rivers_large_b, chequers_serial_rivers_micro_d,
          st_stairs_7, chequers_serial_rivers_micro_a,
          chequers_serial_rivers_small_a, uniq_urug
IceCv:    ice_cave_statue_garden_chambered

Skill      XL: |  1  2  3  4  5  6  7  8  9 10 11 12 13 14 |
---------------+-------------------------------------------+-----
Stealth        | 3 4 5 6 8 9 |  9.0
Fighting       | 1 2 3 4 6 8 |  8.0
Ice Magic      | 5 6 7 8 9 10 12 13 | 13.2
Spellcasting   | 3 4 5 6 7 8 9 |  9.7
Necromancy     | 1 3 4 5 6 |  6.1
Earth Magic    | 1 2 4 5 6 |  6.1
Dodging        | 3 5 6 7 |  7.0
Conjurations   | 3 5 6 7 |  7.0
Air Magic      | 3 5 6 |  6.0
Evocations     | 2 5 8 9 11 | 11.0
Staves         | 3 4 |  4.0

Action                   |  1- 3 |  4- 6 |  7- 9 | 10-12 | 13-15 || total
-------------------------+-------+-------+-------+-------+-------++-------
Melee: Dagger            |    16 |       |   151 |    31 |    14 ||   212
       Unarmed           |     2 |       |       |       |       ||     2
       Constrict         |     3 |    18 |    28 |    16 |    10 ||    75
       Tentacles         |     2 |    10 |    44 |    45 |    18 ||   119
       Whip              |       |    46 |       |       |       ||    46
       Staff             |       |       |       |    92 |    53 ||   145
Throw: Dart              |       |     4 |       |       |       ||     4
 Cast: Freeze            |    37 |    37 |     1 |     4 |     1 ||    80
       Frozen Ramparts   |       |     3 |    15 |    17 |     2 ||    37
       Ozocubu's Armour  |       |     1 |    13 |    17 |    11 ||    42
       Freezing Cloud    |       |       |       |    23 |    57 ||    80
       Borgnjor's Vile C |       |       |       |    23 |    81 ||   104
       Ignite Poison     |       |       |       |       |    11 ||    11
Evoke: Staff of Olgreb   |       |       |       |    40 |    19 ||    59
       Box of beasts     |       |       |       |       |     3 ||     3
       Wand              |       |       |       |       |     2 ||     2
  Use: Scroll            |     2 |     2 |     8 |     9 |    10 ||    31
       Potion            |       |       |       |       |     1 ||     1
 Stab: Sleeping          |     9 |     4 |    23 |    17 |     6 ||    59
       Distracted        |       |       |       |     1 |       ||     1
       Paralysed         |       |       |       |       |     1 ||     1
Armor: Skin              |       |     9 |    31 |    25 |     5 ||    70
Dodge: Dodged            |    19 |    62 |   109 |   103 |    53 ||   346
Block: Other             |       |       |    16 |    39 |    17 ||    72
       Reflection        |       |       |       |     1 |       ||     1
